 Dungeon Crawl Stone Soup version 0.30.0 (webtiles) character file.

Game seed: 10039736778635828560

5123 Seline the Spear-Bearer (level 10, -3/80 HPs)
             Began as a Human Berserker on Nov 17, 2023.
             Was an Elder of Trog.
             Slain by a yak (9 damage)
             ... on level 9 of the Dungeon.
             The game lasted 01:13:36 (10407 turns).

Seline the Spear-Bearer (Human Berserker)          Turns: 10407, Time: 01:13:36

Health: -3/80      AC: 15    Str: 21    XL:     10   Next: 88%
Magic:  10/10      EV:  7    Int:  8    God:    Trog [****..]
Gold:   550        SH:  0    Dex: 13    Spells: 9/9 levels left

rFire   . . .        a - +0 spear
rCold   . . .        (no shield)
rNeg    . . .        n - +0 plate armour
rPois   .            (no helmet)
rElec   .            (no cloak)
rCorr   .            (no gloves)
SInv    +            O - +0 pair of boots
Will    .....        u - amulet of faith Stlth
                     D - ring of flight
HPRegen 0.33/turn    o - ring of see invisible
MPRegen 0.12/turn

%: faith
@: on berserk cooldown, flying, slowed, invisible, very slow
A: no striking features
a: Renounce Religion, Berserk, Trog's Hand, Brothers in Arms


You were on level 9 of the Dungeon.
You worshipped Trog.
Trog was greatly pleased with you.
You visited 1 branch of the dungeon, and saw 9 of its levels.

You collected 550 gold pieces.

Inventory:

Hand Weapons
 a - a +0 spear (weapon)
 d - a +0 club
 g - a +0 short sword
 j - a +0 spear
 y - a +0 sling
 F - a +2 dagger of draining
Missiles
 f - 73 stones
 m - 10 javelins (quivered)
Armour
 n - a +0 plate armour (worn)
 K - the +3 leather armour "Eliluaq" {+Inv rPois Stlth+}
   (You found it on level 7 of the Dungeon)

   rPois:     It protects you from poison.
   +Inv:      It lets you turn invisible.
   Stlth:     It makes you more stealthy.
 L - +0 acid dragon scales
 O - a +0 pair of boots (worn)
 R - an orb of mayhem
Jewellery
 o - a ring of see invisible (right hand)
 q - a ring of ice
 u - an amulet of faith (around neck)
 x - a ring of ice
 D - a ring of flight (left hand)
Wands
 M - a wand of acid (12)
 Q - a wand of polymorph (3)
 S - a wand of paralysis (3)
Scrolls
 e - 7 scrolls of teleportation {unknown}
 i - 10 scrolls of identify {unknown}
 k - 4 scrolls of fear {unknown}
 l - 2 scrolls of fog {unknown}
 v - a scroll of silence {unknown}
 z - 2 scrolls of vulnerability {unknown}
 A - a scroll of enchant armour {unknown}
 C - 4 scrolls of blinking {unknown}
 E - a scroll of amnesia {unknown}
 G - a scroll of summoning {unknown}
 I - a scroll of immolation {unknown}
 N - a scroll of magic mapping {unknown}
Potions
 b - a potion of ambrosia {unknown}
 c - 2 potions of cancellation
 h - 4 potions of might
 p - 2 potions of heal wounds {unknown}
 r - 2 potions of attraction {unknown}
 s - a potion of haste {unknown}
 w - 2 potions of lignification {unknown}
 B - 2 potions of flight {unknown}
 H - a potion of curing
 J - 2 potions of experience {unknown}
 P - a potion of brilliance {unknown}


   Skills:
 * Level 8.0 Fighting
 * Level 10.2 Polearms
 * Level 9.1 Armour
 + Level 2.9 Dodging
 + Level 1.5 Stealth


You had 9 spell levels left.
You didn't know any spells.
Your spell library contained the following spells:

 Spells                   Type           Power      Damage    Failure   Level
 Beastly Appendage        Tmut           0%         N/A       100%        1
 Wereblood                Tmut           0%         N/A       100%        2
 Spider Form              Tmut/Pois      0%         N/A       100%        3
 Vhi's Electric Charge    Tloc/Air       0%         N/A       100%        3
 Arcjolt                  Conj/Air       0%         1d10      100%        5
 Plasma Beam              Fire/Air       0%         2x1d11    100%        6
 Borgnjor's Revivificati  Necr           0%         N/A       100%        8
 Necromutation            Tmut/Necr      0%         N/A       100%        8
 Death's Door             Necr           0%         N/A       100%        9


Dungeon Overview and Level Annotations

Branches:
Dungeon (9/15)             Temple (0/1) D:6            Lair (0/5) D:8
    Orc: D:9-12

Altars:
Elyvilon
Okawaru
Trog
Vehumet

Shops:
D:3 *   D:5 =

Annotations:
D:8 3 runed translucent doors, mdmota's ghost, novice DjCK


Message History

The yak is severely wounded.
You hit the yak.
The yak is severely wounded.
The yak gores you! x2; The yak closely misses you.
The yak gores you but does no damage.
You hit the yak.
The yak is almost dead.
You barely miss the yak.
The yak is almost dead.
The yak gores you but does no damage. The yak gores you. The yak gores you!
* * * LOW HITPOINT WARNING * * *
The yak gores you!
* * * LOW HITPOINT WARNING * * *
You hit the yak but do no damage.
The yak is almost dead.
You hit the yak but do no damage.
The yak is almost dead.
You hit the yak.
The yak is almost dead.
The yak barely misses you.
The yak gores you but does no damage. x2
The yak barely misses you.
You hit the yak.
You kill the yak!
Trog accepts your kill.
Your Fighting skill increases to level 8!
You are no longer berserk.
You are exhausted.
You feel yourself slow down.
You see here a ruby potion.
You fade into invisibility!
The yak gores you.
* * * LOW HITPOINT WARNING * * *
The yak barely misses you. x2
The yak gores you!
* * * LOW HITPOINT WARNING * * *
The yak closely misses you. The yak barely misses you.
The yak barely misses you. The yak gores you!
You die...

######+######## ###+#####
?............# #.......#
###.####......# #.......#
##.....##......# #.......#
#..†.!..#......#####.......#
..#...†...#....Y.')..#.......#
..!..._.......YY@###.'.......#
..#..$....#......# ###.......#
. #.......#......# ###'#####
##.....##.###### #.#
###[####.# #.# .... ..# #.#
.### .... #.# ..... ######.##
#.......#


You could see 3 yaks.

Vanquished Creatures
  A deep elf pyromancer (D:7)
  An elephant (D:8)
  Sigmund (D:2)
  3 yaks (D:9)
  2 wyverns (D:8)
  2 basilisks (D:8)
  3 steam dragons (D:6)
  Menkaure (D:7)
  A water moccasin (D:4)
  An acid dragon (D:7)
  Pargi (D:3)
  5 sky beasts
  2 black bears
  2 ogres
  A phantom (D:5)
  4 bullfrogs
  4 scorpions
  A jelly (D:8)
  4 hounds
  9 orc priests
  7 iguanas
  A sleepcap (D:5)
  6 orc wizards
  A statue (D:7)
  10 adders
  3 white imps
  A worm (D:4)
  A dart slug (D:3)
  29 orcs
  8 endoplasms
  4 giant cockroaches
  6 hobgoblins
  6 jackals (D:3)
  9 quokkas
  9 ball pythons
  9 bats
  A frilled lizard (D:1)
  6 goblins
  6 kobolds
  3 rats
175 creatures vanquished.

Vanquished Creatures (others)
  16 fungi
  2 plants (D:8)
18 creatures vanquished.

Grand Total: 193 creatures vanquished

Notes
Turn   | Place    | Note
-------+----------+-------------------------------------------
     0 | D:1      | Seline the Human Berserker began the quest for the Orb.
     0 | D:1      | Reached XP level 1. HP: 18/18 MP: 1/1
   128 | D:1      | Reached XP level 2. HP: 21/24 MP: 2/2
   485 | D:1      | Reached XP level 3. HP: 28/29 MP: 3/3
   965 | D:2      | Reached ** piety under Trog
  1116 | D:2      | Noticed Sigmund
  1129 | D:2      | Killed Sigmund
  1130 | D:2      | Reached skill level 4 in Polearms
  1130 | D:2      | Reached XP level 4. HP: 37/37 MP: 4/4
  1130 | D:2      | Reached XP level 5. HP: 42/42 MP: 5/5
  1130 | D:2      | Reached XP level 6. HP: 48/48 MP: 6/6
  1593 | D:2      | Reached skill level 5 in Polearms
  1677 | D:3      | Found Luric's General Store.
  1917 | D:3      | Noticed Pargi
  1947 | D:3      | Killed Pargi
  1948 | D:3      | Reached XP level 7. HP: 55/55 MP: 7/7
  1991 | D:3      | Reached skill level 1 in Stealth
  2198 | D:3      | Reached *** piety under Trog
  3222 | D:4      | Noticed a water moccasin
  3247 | D:4      | Killed a water moccasin
  3248 | D:4      | Reached skill level 5 in Fighting
  3248 | D:4      | Reached skill level 6 in Polearms
  3691 | D:5      | Entered Level 5 of the Dungeon
  3762 | D:5      | Reached XP level 8. HP: 20/62 MP: 8/8
  4546 | D:5      | Reached skill level 7 in Polearms
  4574 | D:5      | Found a bloodstained altar of Trog.
  4608 | D:5      | Reached skill level 5 in Armour
  4844 | D:5      | Found Aruteiji's Jewellery Emporium.
  5423 | D:6      | Found a staircase to the Ecumenical Temple.
  5649 | D:6      | Reached XP level 9. HP: 44/69 MP: 9/9
  6167 | D:6      | Reached skill level 8 in Polearms
  6816 | D:6      | Found an iron altar of Okawaru.
  7056 | D:6      | You are sucked into a shaft and drop 1 floor!
  7208 | D:7      | Noticed a deep elf pyromancer
  7611 | D:7      | Killed a deep elf pyromancer
  7612 | D:7      | Reached skill level 9 in Polearms
  7612 | D:7      | Reached XP level 10. HP: 35/77 MP: 10/10
  7947 | D:7      | Identified the +3 leather armour "Eliluaq" {+Inv rPois
                  | Stlth+}
  7991 | D:7      | Reached **** piety under Trog
  8148 | D:7      | Found a radiant altar of Vehumet.
  8260 | D:7      | Noticed Menkaure
  8277 | D:7      | Killed Menkaure
  9064 | D:8      | Noticed an elephant
  9084 | D:8      | Killed an elephant
  9147 | D:8      | Found a staircase to the Lair.
  9400 | D:8      | Reached skill level 10 in Polearms
 10014 | D:8      | Found a runed translucent gate.
 10018 | D:8      | Found a runed translucent gate.
 10018 | D:8      | Found a runed translucent gate.
 10019 | D:8      | Noticed a kobold demonologist
 10019 | D:8      | Noticed mdmota's ghost (novice DjCK)
 10350 | D:9      | Found a white marble altar of Elyvilon.
 10399 | D:9      | HP: 2/80 [yak (12)]
 10407 | D:9      | Slain by a yak

Illustrated notes

Levels and vault maps discovered:
D:1:      elethiomel_arrival_shortcut, layout_loops_ring,
          chequers_serial_rivers_micro_d, patterned_corridor
D:2:      layout_basic, uniq_sigmund
D:3:      layout_basic, serial_shops, nicolae_shop_hallway_stairs, uniq_pargi
D:4:      layout_basic, nrook_uturn, nicolae_eternal_life, minivault_19
D:5:      kennysheep_spiral_hall, layout_basic,
          mainiacjoe_overflow_surrounded_room, serial_shops,
          nicolae_inconvenience_store
D:6:      kennysheep_steamy, layout_loops_ring, mainiacjoe_overflow_catwalk,
          minmay_temple_entry_mini_moons
D:7:      layout_loops_cross, vehumet_statue, hangedman_decor_clover_reticule,
          uniq_menkaure
D:8:      layout_basic, david_lair_generic, gammafunk_ghost_nasty_kobolds
D:9:      layout_roguey, kennysheep_mini, old_standard_altar,
          lemuel_coloured_pillars_altar, mainiacjoe_overflow_small_starburst,
          enter_bailey_7

Skill      XL: |  1  2  3  4  5  6  7  8  9 10 |
---------------+-------------------------------+-----
Fighting       | 4 5 6 8 |  8.0
Polearms       | 4 5 6 7 9 10 | 10.2
Armour         | 3 4 6 7 9 |  9.1
Stealth        | 1 |  1.5
Dodging        | |  2.9

Action                     |  1- 3 |  4- 6 |  7- 9 | 10-12 || total
---------------------------+-------+-------+-------+-------++-------
  Melee: Spear             |   112 |    99 |   648 |   371 ||  1230
         Punch             |     1 |     1 |     7 |     1 ||    10
 Invoke: Berserk           |     2 |     2 |     9 |     4 ||    17
         Trog's Hand       |       |       |     5 |     3 ||     8
    Use: Potion            |     1 |     1 |     5 |     1 ||     8
 Armour: Animal skin       |    11 |       |       |       ||    11
         Leather armour    |     6 |       |       |       ||     6
         Plate armour      |     3 |    55 |   326 |   177 ||   561
  Dodge: Dodged            |    58 |    27 |   158 |    96 ||   339
